 Dungeon Crawl Stone Soup version 0.30-a0-263-ge22c4ad894 (webtiles) character file.

Game seed: 14615676201929437054

6 Iusername the Ruffian (level 1, 13/16 HPs)
             Began as a Minotaur Wanderer on Oct 13, 2022.
             Quit the game on level 1 of the Dungeon.
             The game lasted 00:00:31 (133 turns).

Iusername the Ruffian (Minotaur Wanderer)            Turns: 133, Time: 00:00:32

Health: 13/16      AC:  3    Str: 13    XL:     1   Next: 75%
Magic:  1/1        EV: 11    Int:  9    God:
Gold:   10         SH:  4    Dex: 12    Spells: 1/2 levels left

rFire   . . .      SeeInvis .    a - +0 club
rCold   . . .      Faith    .    c - +0 buckler
rNeg    . . .      Spirit   .    e - +0 leather armour
rPois   .          Reflect  .    (helmet restricted)
rElec   .          Harm     .    (no cloak)
rCorr   .          Rampage  .    (no gloves)
Will    .....                    (no boots)
Stlth   +.........               (no amulet)
HPRegen 0.22/turn                (no ring)
MPRegen 0.07/turn                (no ring)

@: no status effects
A: horns 2, retaliatory headbutt
a: no special abilities


You were on level 1 of the Dungeon.
You visited 1 branch of the dungeon, and saw 1 of its levels.

You collected 10 gold pieces.

Inventory:

Hand Weapons
 a - a +0 club (weapon)
Armour
 c - a +0 buckler (worn)
 e - a +0 leather armour (worn)
Scrolls
 b - a scroll of fear
 g - a scroll of identify {unknown}
Potions
 d - a potion of berserk rage
 f - a potion of heal wounds


   Skills:
 + Level 1.3 Fighting
 + Level 1.4 Armour
 + Level 1.2 Dodging
 + Level 1.3 Shields
 + Level 3.3 Unarmed Combat
 + Level 1.4 Spellcasting
 + Level 1.1 Necromancy


You had one spell level left.
You knew the following spells:

 Your Spells              Type           Power      Damage    Failure   Level
a - Necrotise             Necr           8%         1d4       36%         1

Your spell library contained the following spells:

 Spells                   Type           Power      Damage    Failure   Level
 Vampiric Draining        Necr           2%         2d6       75%         3


Dungeon Overview and Level Annotations

Branches:
Dungeon (1/15)

Altars:


Innate Abilities, Weirdness & Mutations

You have a pair of horns on your head.
You reflexively headbutt those who attack you in melee.


Message History

A goblin is nearby!
A goblin is nearby!
Found 2 poisoned darts.
The goblin hits you with a +0 club.
A goblin is nearby!
You hit the goblin.
You kill the goblin!
HP restored.
Things that are here:
a +0 club; a goblin corpse A bat comes into view.
A bat is nearby!
Found a green potion.
A bat is nearby!
A bat is nearby!
A bat is nearby!
You miss the bat. Your headbutt misses the bat.
The bat hits you but does no damage. The bat misses you.
You hit the bat.
You kill the bat!
Found 4 boomerangs.
No target in view!
No target in view!
g - a scroll labelled WAWUFI BOIMM No target in view!
No target in view!
You now have 10 gold pieces (gained 2).
A goblin comes into view. It is wielding a +0 club.
The helpless goblin fails to defend itself.
You hit the goblin.
The goblin is moderately wounded.
The goblin barely misses you. The goblin hits you with a +0 club.
You hit the goblin.
The goblin is severely wounded.
The goblin completely misses you. You furiously retaliate!
You headbutt the goblin!
You kill the goblin!
Are you sure you want to abandon this character and quit the game? (Confirm with "yes".)
Okay, then.
Unknown command.
Are you sure you want to abandon this character and quit the game? (Confirm with "yes".)

######### #.)......
#@# #.#######
#.......# #.#####.#
#### ...# #.# ##...
###.#####.######..(.
#...........##....
........###.##....
#....(....#.......


There were no monsters in sight!

Vanquished Creatures
  2 goblins (D:1)
  A kobold (D:1)
  A quokka (D:1)
  A bat (D:1)
5 creatures vanquished.

Notes
Turn   | Place    | Note
-------+----------+-------------------------------------------
     0 | D:1      | Iusername the Minotaur Wanderer began the quest for the
                  | Orb.
     0 | D:1      | Iusername set off with the following items: a +0 club, a
                  | scroll of fear, a +0 buckler, a potion of berserk rage, a
                  | +0 leather armour, a potion of heal wounds; and the
                  | following spell memorised: Necrotise; and the following
                  | spells available to memorise: Vampiric Draining.
     0 | D:1      | Reached XP level 1. HP: 16/16 MP: 1/1
   133 | D:1      | Quit the game

Illustrated notes

Levels and vault maps discovered:
D:1:      dpeg_arrival_water_temple_mockup, layout_basic,
          hellmonk_ecumenical_altar_leap_of_faith,
          corexii_item_surrounded_by_moat

Action                   || total
-------------------------++-------
Melee: Club              ||     7
 Stab: Sleeping          ||     1
Armor: Leather armour    ||     1
Dodge: Dodged            ||     6

Table legend: (Time is in decaauts)
 A = Elapsed time spent in this place.
 B = Non-inter-level travel time spent in this place.
 C = Inter-level travel time spent in this place.
 D = Time resting spent in this place.
 E = Time spent auto-exploring this place.
 F = Levels seen in this place.
 G = Mean time per level.
                   A        B        C        D        E       F      G
               +--------+--------+--------+--------+--------+-----+--------+
         Total |    135 |    135 |      0 |      0 |    105 |   1 |  135.0 |
       Dungeon |    135 |    135 |      0 |      0 |    105 |   1 |  135.0 |
               +--------+--------+--------+--------+--------+-----+--------+

Top non-repeatable levels by time:
     D:1: 135 daAuts
